Map: Ascension to Aiur LE

Players

Stats - Winner!

  • Race: Protoss Protoss
  • Spawn Location: 5:00

Snute

  • Race: Zerg Zerg
  • Spawn Location: 11:00

Event: 2017 WCS Global Finals

VOD

Have the link to the VOD?

Description

Time

  • Played on: Oct. 27, 2017, 5:29 p.m.
  • Length: 17:38

All games in this series

Show
View Real Time Build Order
Export as new Build Order

Stats Protoss - Winner!

Build Orders: 1 Gate Expand, Oracle Opening, Phoenix Opening 

Get SALT Encoding   

  12  0:01  Probe (Chrono Boost)  
  13  0:11  Probe (Chrono Boost)  
  14  0:17  Pylon  
  14  0:22  Probe (Chrono Boost)  
  16  0:35  Probe (Chrono Boost)  
  16  0:38  Gateway  
  16  0:46  Probe (Chrono Boost)  
  16  0:47  Assimilator  
  17  0:56  Probe (Chrono Boost)  
  18  1:07  Probe (Chrono Boost)  
  19  1:18  Probe (Chrono Boost)  
  20  1:25  Nexus  
  20  1:33  Cybernetics Core  
  20  1:36  Probe (Chrono Boost)  
  21  1:42  Assimilator  
  21  1:47  Probe (Chrono Boost)  
  22  1:51  Pylon  
  22  1:57  Probe (Chrono Boost)  
  23  2:09  Probe (Chrono Boost)  
  23  2:10  Adept (Chrono Boost)  
  23  2:15  Stargate  
  26  2:21  Probe  
  27  2:24  Warp Gate  
  27  2:33  Probe  
  27  2:34  Adept (Chrono Boost)  
  27  2:36  Probe  
  31  2:45  Probe  
  31  2:46  Probe  
  31  2:48  Pylon  
  32  2:57  Adept (Chrono Boost)  
  34  3:00  Oracle (Chrono Boost)  
  34  3:02  Probe  
  34  3:03  Probe  
  39  3:14  Probe x2  
  41  3:26  Probe, Twilight Council  
  41  3:27  Probe  
  41  3:32  Gateway  
  43  3:39  Phoenix (Chrono Boost), Probe  
  46  3:43  Pylon  
  46  3:49  Gateway  
  46  3:55  Pylon  
  46  4:00  Probe  
  46  4:01  Probe  
  46  4:02  Resonating Glaives (Chrono Boost)  
  48  4:10  Probe  
  48  4:13  Probe  
  48  4:15  Pylon  
  50  4:21  Probe  
  51  4:24  Assimilator  
  51  4:25  Probe  
  51  4:30  Adept x2  
  52  4:32  Probe  
  52  4:37  Probe  
  54  4:45  Mothership Core, Adept  
  56  4:51  Adept x2  
  62  4:59  Nexus  
  62  5:02  Pylon  
  62  5:04  Probe x2  
  62  5:06  Adept, Pylon  
  66  5:11  Adept  
  66  5:12  Adept  
  70  5:21  Probe  
  70  5:23  Probe  
  70  5:24  Assimilator  
  70  5:27  Forge  
  72  5:30  Robotics Facility  
  72  5:32  Probe  
  72  5:35  Probe  
  74  5:48  Probe  
  74  5:49  Adept x3  
  78  5:50  Probe  
  78  5:56  Protoss Ground Weapons Level 1  
  68  5:59  Probe  
  68  6:02  Probe  
  68  6:04  Templar Archives  
  68  6:09  Probe x2  
  69  6:14  Probe  
  69  6:16  Gateway  
  69  6:18  Gateway x2  
  71  6:23  Gateway  
  71  6:25  Adept x2  
  75  6:28  Adept  
  75  6:32  Probe x2  
  77  6:34  Probe  
  77  6:35  Charge (Chrono Boost), Psionic Storm  
  80  6:45  Warp Prism (Chrono Boost)  
  80  6:52  Zealot  
  80  6:53  Zealot x2  
  84  6:56  Pylon  
  82  7:02  Probe x3  
  85  7:12  Pylon  
  85  7:14  High Templar  
  85  7:15  High Templar x2  
  91  7:16  Zealot x3  
  91  7:20  Assimilator  
  91  7:22  Assimilator  
  97  7:23  Photon Cannon  
  97  7:24  Probe x3  
  97  7:27  Pylon  
  97  7:28  Observer  
  100  7:35  High Templar  
  100  7:36  Probe x3  
  106  7:37  Protoss Ground Weapons Level 2  
  106  7:48  Gateway  
  106  7:49  Gateway  
  106  7:50  Gateway  
  106  7:51  Immortal  
  106  7:58  Zealot  
  112  8:02  Zealot x4  
  120  8:12  Pylon  
  120  8:14  Zealot  
  120  8:15  Zealot  
  120  8:18  Pylon  
  120  8:19  Pylon  
  124  8:21  Pylon  
  124  8:23  Pylon  
  124  8:25  Pylon  
  124  8:33  Immortal  
  122  8:40  High Templar x4  
  134  8:43  Probe x3  
  134  8:44  Archon x2  
  133  8:50  Nexus  
  133  8:55  Zealot x2  
  133  8:56  Zealot x2  
  133  8:57  High Templar x2  
  133  9:01  Archon  
  137  9:12  Immortal  
  129  9:18  High Templar x2  
  129  9:19  Zealot x5  
  129  9:20  Zealot  
  129  9:23  Archon  
  143  9:28  Photon Cannon  
  143  9:30  Photon Cannon  
  141  9:45  High Templar x2, Zealot x6  
  149  9:50  Archon  
  155  9:54  Zealot x2  
  150  10:03  Immortal  
  138  10:13  High Templar x2, Zealot x2  
  138  10:14  Zealot x2  
  148  10:19  Zealot x4  
  152  10:39  Immortal  
  152  10:42  Protoss Ground Weapons Level 3  
  146  10:45  Zealot x3  
  146  10:46  Zealot  
  140  10:50  Nexus  
  140  10:53  Pylon  
  134  10:57  High Templar x3  
  134  10:58  High Templar  
  134  11:01  Archon x2  
  142  11:04  Zealot x2  
  142  11:05  Zealot x4  
  154  11:24  Archon  
  146  11:25  Zealot  
  146  11:26  Zealot x4  
  142  11:35  Zealot x4  
  148  11:40  Assimilator  
  148  11:42  Immortal  
  148  11:45  Assimilator  
  136  11:49  High Templar x4, Zealot  
  150  11:56  Zealot x2  
  154  12:07  Zealot x2  
  156  12:18  Immortal  
  156  12:19  Zealot x3  
  154  12:36  Zealot x6  
  137  12:59  Immortal  
  137  13:01  High Templar  
  137  13:02  High Templar x7  
  137  13:03  Zealot  
  137  13:05  Archon  
  133  13:24  Archon  
  121  13:27  Zealot  
  121  13:33  Immortal  
  111  13:38  High Templar x4  
  111  13:40  Zealot x3  
  111  13:41  Zealot  
  119  13:45  Archon  
  115  13:54  Nexus  
  115  13:56  Pylon  
  115  13:57  Zealot  
  117  14:04  High Templar x2  
  117  14:05  Zealot x2  
  117  14:09  Archon  
  123  14:19  High Templar  
  123  14:20  High Templar  
  127  14:28  Archon  
  127  14:29  Nexus  
  127  14:35  Zealot x3  
  127  14:36  Zealot x2  
  135  14:47  Zealot x2, Archon  
  135  14:50  Archon  
  135  14:52  Zealot x2  
  111  15:05  High Templar x4  
  117  15:12  Assimilator  
  117  15:16  Assimilator  
  117  15:19  Pylon  
  117  15:20  Zealot  
  115  15:22  Zealot  
  115  15:23  Zealot x2  
  115  15:40  High Templar  
  115  15:41  High Templar  
  119  15:50  Archon  
  119  15:51  High Templar  
  121  16:03  High Templar  
  121  16:04  Zealot x5  
  121  16:07  Archon  
  121  16:09  Photon Cannon  
  121  16:10  Pylon  
  131  16:16  Zealot, Observer  
  131  16:17  Zealot  
  130  16:32  Nexus  
  128  16:34  Pylon  
  128  16:45  High Templar x3  
  128  16:46  High Templar  
  134  16:52  Archon x2  
  134  16:54  Zealot x3  
  134  16:55  Zealot x2  
  142  17:15  Assimilator  
  140  17:18  Assimilator  
  130  17:35  Zealot x9  
Show
View Real Time Build Order
Export as new Build Order

Snute Zerg 

Build Orders: Hatch First, Lurkers 

Get SALT Encoding   

  12  0:00  Drone  
  13  0:12  Overlord  
  13  0:16  Drone  
  14  0:30  Drone x2  
  14  0:34  Drone  
  17  0:51  Hatchery  
  17  0:54  Drone  
  17  0:58  Drone  
  17  1:00  Extractor  
  17  1:13  Spawning Pool  
  17  1:16  Drone  
  17  1:19  Drone  
  18  1:27  Drone  
  19  1:38  Overlord  
  19  1:50  Drone  
  20  1:59  Queen  
  20  2:00  Zergling x2  
  20  2:01  Metabolic Boost  
  23  2:05  Queen  
  25  2:09  Zergling x2  
  25  2:13  Drone  
  27  2:15  Drone  
  27  2:21  Drone  
  29  2:25  Drone  
  30  2:32  Drone  
  30  2:35  Drone  
  32  2:42  Overlord  
  32  2:52  Drone  
  32  2:56  Hatchery  
  32  2:58  Drone x2  
  34  3:04  Drone  
  35  3:09  Drone x4  
  39  3:17  Overlord  
  39  3:18  Drone x3  
  42  3:23  Overlord  
  42  3:25  Queen  
  44  3:30  Overlord  
  44  3:32  Spore Crawler  
  43  3:34  Spore Crawler  
  43  3:36  Drone  
  43  3:39  Drone  
  43  3:44  Queen  
  43  3:45  Zergling x2  
  46  3:54  Zergling x6  
  49  3:55  Drone  
  49  3:56  Drone x2  
  49  3:57  Drone  
  53  4:04  Lair  
  53  4:06  Drone  
  53  4:07  Overlord  
  54  4:12  Queen  
  56  4:18  Overlord  
  56  4:19  Drone  
  56  4:20  Extractor  
  56  4:22  Drone  
  56  4:23  Drone x2  
  57  4:32  Drone  
  57  4:33  Drone x5  
  57  4:35  Drone  
  57  4:38  Drone  
  65  4:39  Evolution Chamber  
  65  4:41  Drone  
  65  4:44  Baneling Nest  
  62  4:46  Drone  
  62  4:49  Extractor x2  
  62  4:50  Drone  
  62  4:51  Drone x3  
  65  4:57  Drone x2  
  65  4:59  Drone x2  
  69  5:00  Drone  
  69  5:03  Hydralisk Den  
  69  5:08  Zerg Missile Weapons Level 1, Spore Crawler  
  69  5:09  Extractor  
  69  5:10  Zergling x2  
  69  5:11  Zergling x2  
  70  5:14  Zergling x6  
  70  5:16  Zergling x2  
  70  5:18  Zergling x4  
  76  5:21  Zergling x2  
  76  5:23  Overlord  
  76  5:24  Overlord  
  76  5:28  Overlord  
  76  5:31  Baneling x5  
  75  5:37  Overlord  
  71  5:45  Zergling x18  
  79  5:54  Zergling x2  
  79  5:55  Zergling x4  
  77  5:59  Muscular Augments  
  77  6:03  Drone x2  
  78  6:05  Drone  
  79  6:15  Centrifical Hooks, Hatchery  
  79  6:17  Hydralisk x2  
  82  6:21  Hydralisk  
  84  6:31  Hydralisk x3  
  90  6:35  Zergling x2  
  90  6:36  Zergling x8  
  95  6:46  Drone  
  92  6:47  Drone x6  
  94  6:55  Hydralisk x3  
  94  6:59  Overlord  
  99  7:05  Overlord  
  99  7:06  Zerg Missile Weapons Level 2  
  99  7:08  Pneumatized Carapace  
  99  7:11  Drone x5  
  99  7:12  Drone  
  105  7:18  Drone x3  
  105  7:22  Drone x3  
  111  7:24  Drone  
  111  7:27  Drone  
  111  7:29  Drone  
  114  7:35  Spore Crawler, Drone  
  114  7:36  Drone x3  
  117  7:38  Hydralisk x2  
  117  7:42  Overlord  
  117  7:43  Lurker Den  
  121  7:47  Overseer  
  121  7:48  Hydralisk x2  
  125  7:53  Overlord  
  125  7:56  Overlord x2  
  125  8:09  Hatchery  
  125  8:10  Overlord  
  124  8:14  Zergling x16  
  124  8:15  Zergling x10  
  137  8:21  Hydralisk x3  
  143  8:31  Hydralisk x5  
  148  8:38  Spine Crawler  
  145  8:52  Hydralisk x6  
  152  9:08  Hydralisk x6  
  158  9:18  Lurker x4  
  158  9:19  Zergling x2  
  158  9:20  Zergling x12  
  158  9:21  Overlord x2  
  158  9:22  Overlord  
  169  9:24  Zergling x2  
  169  9:25  Zergling x2  
  170  9:34  Zerg Melee Weapons Level 1  
  164  9:41  Hydralisk x3  
  170  9:47  Zergling x2  
  170  9:48  Zergling x12  
  177  9:53  Overlord x2  
  167  10:01  Zergling x14  
  167  10:03  Hydralisk  
  167  10:04  Hydralisk x2  
  168  10:11  Overlord  
  168  10:13  Hydralisk x3  
  170  10:15  Lurker  
  170  10:17  Zergling x2  
  172  10:21  Zergling x2  
  172  10:25  Zergling x2  
  172  10:26  Zergling x12  
  164  10:37  Hydralisk x5  
  172  10:43  Hydralisk  
  172  10:56  Zergling x10  
  173  10:57  Queen  
  173  10:58  Queen  
  173  11:01  Hydralisk Den, Queen x2  
  177  11:07  Zergling x4  
  177  11:08  Queen, Zergling x6  
  174  11:13  Zergling x8  
  161  11:24  Zergling x10  
  138  11:30  Hydralisk  
  138  11:31  Hydralisk x4  
  124  11:33  Queen  
  124  11:37  Zergling x2  
  124  11:46  Zergling x8  
  123  11:49  Hydralisk x2  
  124  11:57  Hydralisk  
  124  11:58  Hydralisk x2  
  124  12:00  Baneling  
  124  12:01  Baneling  
  130  12:04  Zergling x8  
  130  12:05  Zergling x2  
  125  12:22  Zergling x28  
  127  12:32  Hydralisk x3  
  130  12:39  Zergling x8  
  130  12:48  Zergling x10  
  122  12:52  Hydralisk  
  101  13:01  Zergling x8  
  101  13:05  Zergling x2  
  92  13:13  Zergling x6  
  93  13:21  Zergling x6  
  94  13:30  Zergling x8  
  94  13:31  Zergling x2  
  96  13:37  Zergling x6  
  96  13:40  Zergling x2  
  90  13:59  Baneling x5  
  90  14:00  Baneling x2  
  90  14:01  Zergling x2  
  90  14:02  Zergling x12  
  97  14:09  Zergling x8  
  101  14:11  Baneling  
  101  14:12  Baneling x2  
  101  14:18  Zergling x2  
  101  14:19  Zergling x6  
  101  14:21  Baneling  
  105  14:34  Hydralisk  
  105  14:35  Hydralisk x3  
  104  14:48  Hydralisk x3  
  104  14:52  Zergling x2  
  73  14:53  Zergling x4  
  60  15:00  Hydralisk x2  
  61  15:14  Hydralisk x3  
  67  15:24  Hydralisk x3  
  73  15:34  Hydralisk x2  
  74  15:38  Hydralisk  
  75  15:48  Hydralisk x2  
  77  15:57  Zergling x2  
  77  15:58  Zergling x8  
  70  16:05  Zergling x2  
  70  16:06  Zergling x6  
  74  16:12  Zergling x4  
  74  16:13  Zergling x4  
  78  16:22  Zergling x10  
  83  16:28  Zergling x6  
  80  16:44  Hydralisk x2  
  80  16:46  Zergling x12  
  89  16:55  Hydralisk  
  89  16:56  Zergling x2  
  89  16:57  Zergling x4  
  94  17:07  Zergling x8  
  95  17:20  Baneling  
  95  17:21  Baneling x2  
Tags
 
Add a new tag
Caveats
  • Supply blocks, unpowered buildings, or Contaminate may cause inaccurate times.
  • Supply counts are checked every 10 seconds.